 Dungeon Crawl Stone Soup version 0.31.0-32-g396128a36d (webtiles) character file.

Game seed: 17734997287803407796

4 Buffagor the Changeling (level 1, 0/13 HPs)
             Began as an Octopode Shapeshifter on Mar 25, 2024.
             Slain by a kobold
             ... wielding a +0 dagger
              (3 damage)
             ... on level 1 of the Dungeon.
             The game lasted 00:00:48 (55 turns).

Buffagor the Changeling (Octopode Shapeshifter)       Turns: 55, Time: 00:00:49

Health: 0/13       AC:  1    Str: 13    XL:     1   Next: 60%
Magic:  1/1        EV: 13    Int: 12    God:
Gold:   16         SH:  0    Dex: 11    Spells: 0/0 levels left

rFire   . .          .
                       - Unarmed
rCold   . . .        (no shield)
rNeg    . . .        (helmet currently unavailable)
rPois   .            (no amulet)
rElec   .            (no ring)
rCorr   .            (no ring)
SInv    .            (no ring)
Will    .....        (no ring)
Stlth   ++           (no ring)
HPRegen 0.22/turn    (no ring)
MPRegen 0.07/turn    (no ring)
                     (no ring)

%: no passive effects
@: beast-form
A: beast (slay +1), almost no armour, amphibious, 8 rings, camouflage 1,
gelatinous body 1, (nimble swimmer 1), tentacles
a: Begin Untransformation


You were on level 1 of the Dungeon.
You were a hulking beast.
You visited 1 branch of the dungeon, and saw 1 of its levels.

You collected 16 gold pieces.

Inventory:

Talismans
 b - a beast talisman
 c - a flux talisman
Scrolls
 e - a scroll of vulnerability {unknown}
 f - 2 scrolls of identify {unknown}
Potions
 a - a potion of lignification


   Skills:
 - Level 1.0 Fighting
 - Level 2.0 Dodging
 + Level 3.1 Unarmed Combat
 * Level 3.1 Shapeshifting


You couldn't memorise any spells.
You didn't know any spells.
Your spell library was empty.

Dungeon Overview and Level Annotations

Branches:
Dungeon (1/15)

Altars:


Innate Abilities, Weirdness & Mutations

You are a hulking beast.
Your limbs bulge with bestial killing power. (Slay +1)
You cannot wear most types of armour.
You are amphibious.
You can wear up to eight rings at the same time.
Your skin changes colour to match your surroundings (Stealth+).
Your rubbery body absorbs attacks. (AC +1, EV +1)
((You are camouflaged when in or above water. (Stealth+)))
You have tentacles for arms and can constrict up to eight enemies at once.


Message History

The kobold shouts!
The kobold throws a stone.
The stone barely misses you.
There is an open door here.
The giant cockroach bites you.
The goblin shouts!
The ball python hisses angrily.
You tentacle-slap the giant cockroach.
You kill the giant cockroach!
The kobold throws a stone.
The stone barely misses you. The bat hits you. The bat barely misses you.
The kobold misses you.
You barely miss the kobold. Your grab misses the kobold.
The ball python closely misses you. x2; The kobold closely misses you.
The kobold barely misses you.
You barely miss the bat. Your grab misses the bat.
The bat hits you but does no damage. The ball python bites you.
The ball python misses you. The kobold hits you with a +0 dagger.
The kobold barely misses you. The goblin closely misses you.
The ball python closely misses you. x2
You are too injured to fight recklessly!
You are too injured to fight recklessly!
You are too injured to fight recklessly!
You are too injured to fight recklessly!
You are too injured to fight recklessly!
You are too injured to fight recklessly!
You are too injured to fight recklessly!
You are too injured to fight recklessly!
You are too injured to fight recklessly!
You are too injured to fight recklessly!
You are too injured to fight recklessly!
You are too injured to fight recklessly!
Unknown command.
You are too injured to fight recklessly!
You closely miss the kobold. Your grab misses the kobold.
You squeeze the kobold.
You kill the kobold!
The bat hits you. The goblin hits you with a +0 club.
The ball python bites you.
* * * LOW HITPOINT WARNING * * *
The ball python closely misses you. The kobold hits you with a +0 dagger.
You die...

..#.....# ....# ..#..#.#
...########## ...#...#
...##.......# #####..#
..##.......# .......#
..#........#
...##..######.#$.......#
##.......)....#........#
###..#######..#..S....#
#....# #....'.hb....#
#_#.## #..####.Kg....#
#...# ....# #(†.....#
.......... #.......#
...>...##. #.......#
...###.# #.......# ...#
.# ######### ...# . ...#
.


You could see a goblin, a bat, a ball python and a kobold.

Vanquished Creatures
  A bat (D:1)
  A giant cockroach (D:1)
  A goblin (D:1)
  A kobold (D:1)
4 creatures vanquished.

Notes
Turn   | Place    | Note
-------+----------+-------------------------------------------
     0 | D:1      | Buffagor the Octopode Shapeshifter began the quest for the
                  | Orb.
     0 | D:1      | Reached XP level 1. HP: 13/13 MP: 1/1
    19 | D:1      | Found a faded altar of an unknown god.
    55 | D:1      | Slain by a kobold

Illustrated notes

Levels and vault maps discovered:
D:1:      scummos_arrival_star, layout_basic, basic_ecumenical_altar

Action                     || total
---------------------------++-------
  Melee: Unarmed           ||     7
         Punch             ||     1
         Tentacles         ||     1
  Throw: Stone             ||     6
 Armour: Skin              ||    10
  Dodge: Dodged            ||    19
